 Dungeon Crawl Stone Soup version 0.31-a0-365-gcf821cafb2 (webtiles) character file.

Game seed: 8068575730977393590

1229 mandoloar the Digger (level 8, -7/58 HPs)
             Began as a Gnoll Earth Elementalist on July 27, 2023.
             Was a Follower of the Shining One.
             Mangled by Duvessa
             ... wielding a +3 short sword
              (13 damage)
             ... on level 6 of the Dungeon.
             The game lasted 00:14:05 (5921 turns).

mandoloar the Digger (Gnoll Earth Elementalist)     Turns: 5921, Time: 00:14:05

Health: -7/58      AC:  4    Str:  8    XL:     8   Next: 48%
Magic:  17/17      EV: 14    Int: 16    God:    the Shining One [*.....]
Gold:   289        SH:  0    Dex: 13    Spells: 15/19 levels left

rFire   . . .        a - +3 dagger
rCold   . . .        (no shield)
rNeg    . . .        d - +0 robe
rPois   .            (no helmet)
rElec   .            (no cloak)
rCorr   .            (no gloves)
SInv    +            s - +1 pair of boots
Will    .....        (no amulet)
Stlth   +            f - ring of see invisible
HPRegen 0.29/turn    (no ring)
MPRegen 0.15/turn

%: no passive effects
@: about to teleport, hasted, glowing, very quick
A: fangs 1, strong nose, distributed training
a: Renounce Religion, Divine Shield


You were on level 6 of the Dungeon.
You worshipped the Shining One.
The Shining One was aware of your devotion.
You visited 2 branches of the dungeon, and saw 7 of its levels.

You collected 289 gold pieces.

Inventory:

Hand Weapons
 a - a +3 dagger (weapon)
Missiles
 j - 2 boomerangs
 k - 7 poisoned darts
 l - 47 stones
Armour
 d - a +0 robe (worn)
 s - a +1 pair of boots (worn)
Jewellery
 f - a ring of see invisible (left hand)
 h - a ring of ice
Scrolls
 u - a scroll of teleportation
 w - a scroll of amnesia
 x - a scroll of immolation
Potions
 b - a potion of magic
 e - 4 potions of curing
 p - a potion of might {unknown}
 q - 3 potions of berserk rage
 t - a potion of mutation {unknown}
 v - a potion of degeneration {unknown}


   Skills:
 + Level 3.3 Fighting
 + Level 3.3 Short Blades
 + Level 3.3 Long Blades
 + Level 3.3 Axes
 + Level 3.3 Maces & Flails
 + Level 3.3 Polearms
 + Level 3.3 Staves
 + Level 3.3 Ranged Weapons
 + Level 3.3 Throwing
 + Level 3.3 Armour
 + Level 5.7 Dodging
 + Level 5.4 Stealth
 + Level 3.3 Shields
 + Level 3.3 Unarmed Combat
 + Level 6.1 Spellcasting
 + Level 2.7 Conjurations
 + Level 2.7 Hexes
 + Level 2.7 Summonings
 + Level 2.7 Necromancy
 + Level 2.7 Translocations
 + Level 3.5 Transmutations
 + Level 2.7 Fire Magic
 + Level 2.7 Ice Magic
 + Level 2.7 Air Magic
 + Level 6.1 Earth Magic
 + Level 2.7 Poison Magic
 + Level 3.7 Invocations
 + Level 3.3 Evocations
 + Level 2.7 Shapeshifting


You had 15 spell levels left.
You knew the following spells:

 Your Spells              Type           Power      Damage    Failure   Level
a - Sandblast             Erth           48%        2d12      1%          1
b - Stone Arrow           Conj/Erth      38%        3d9       6%          3

Your spell library contained the following spells:

 Spells                   Type           Power      Damage    Failure   Level
 Passwall                 Tmut/Erth      16%        N/A       2%          2
 Apportation              Tloc           26%        N/A       4%          1
 Necrotise                Necr           52%        1d6       4%          1
 Summon Small Mammal      Summ           52%        N/A       4%          1
 Ensorcelled Hibernation  Hex/Ice        26%        N/A       7%          2
 Portal Projectile        Hex/Tloc       26%        N/A       13%         3
 Swiftness                Air            13%        N/A       13%         3
 Tukima's Dance           Hex            13%        N/A       13%         3
 Petrify                  Tmut/Erth      20%        N/A       19%         4
 Iskenderun's Mystic Bla  Conj/Tloc      13%        2d5       41%         4


Dungeon Overview and Level Annotations

Branches:
Dungeon (6/15)             Temple (1/1) D:4

Altars:
Cheibriados
Dithmenos
Elyvilon
Fedhas
Gozag
Kikubaaqudgha
Makhleb
Nemelex Xobeh
Qazlal
Ru
Sif Muna
Uskayaw
Wu Jian
Xom
Yredelemnul
Zin
The Shining One

Shops:
D:2 =

Annotations:
D:5 1 runed translucent door, deremet's ghost, amateur GnDe
D:6 Dowan; Duvessa; Sigmund


Innate Abilities, Weirdness & Mutations

You have very sharp teeth.
Your uncanny sense of smell can sniff out nearby items.
Your experience applies equally to all skills.


Message History

Press: ? - help, Shift-Dir - straight line, f/p - wraith
Aim: a wraith (almost destroyed, haloed, 79% to hit)
The stone arrow hits the wraith!
You destroy the wraith!
The Shining One accepts your kill.
You start resting.
Magic restored.
You start resting.
You hear the hiss of a distant avalanche of sand.
You start resting.
You feel yourself speed up.
You start resting.
Duvessa, Sister of Dowan comes into view.
She is wielding a +3 short sword and wearing a +3 chain mail of cold resistance.
Sigmund the Dreaded comes into view.
He is wielding a +0 scythe.
Sigmund shouts!
Sigmund points at you and mumbles some strange words.
You are confused.
You bump into the rock wall.
Dowan, Brother of Duvessa comes into view.
He is wielding a +0 dagger and wearing a +0 robe of willpower.
Dowan shouts!
Dowan casts a spell at you. The puff of frost hits you!
* * * LOW HITPOINT WARNING * * *
You're too confused to move!
You closely miss Dowan.
You are too confused!
Dowan closely misses you.
You feel less confused.
Duvessa says, "Where magic fails, the sword succeeds!"
Dowan gestures at Duvessa while chanting.
Duvessa seems to speed up.
Dowan says, "My weaknesses are her strengths!"
As you read the scroll of teleportation, it crumbles to dust.
You feel strangely unstable. Duvessa hits you with a +3 short sword.
* * * LOW HITPOINT WARNING * * *
Duvessa hits you with a +3 short sword.
* * * LOW HITPOINT WARNING * * *
Okay, then.
You feel yourself speed up. Duvessa hits you with a +3 short sword!
You die...

.. ......# .. ........#
#.....## #.. #.......#
#......#####.###
#......###..............#
#............#..........
##...#......##..<...#∆
###....###.....#.....##
#.......###....#.....###
#.......#e@.............
#.......e..##.|.........
#.........####....#..##..
##.###....# #...###.# .
#..# ###..# #...# .#
#..#####..###....# .
##...#.............
#......#####..######
#....:### ..#


You could see Duvessa (fast) and Dowan.

Vanquished Creatures
  A wraith (D:6)
  An ice beast (D:5)
  A black bear (D:5)
  3 ogres (D:5)
  2 scorpions (D:5)
  3 jellies
  3 hounds
  An iguana (D:5)
  5 orc wizards
  7 gnolls
  2 adders (D:4)
  A white imp (D:5)
  2 ufetubi (D:5)
  5 worms
  A dart slug (D:3)
  12 orcs
  6 endoplasms
  6 giant cockroaches
  4 goblins
  2 hobgoblins (D:1)
  4 jackals (D:3)
  7 quokkas
  6 ball pythons
  4 bats
  4 frilled lizards
  3 kobolds
  3 rats
99 creatures vanquished.

Notes
Turn   | Place    | Note
-------+----------+-------------------------------------------
     0 | D:1      | mandoloar the Gnoll Earth Elementalist began the quest for
                  | the Orb.
     0 | D:1      | Reached XP level 1. HP: 13/13 MP: 6/6
   363 | D:1      | Reached XP level 2. HP: 19/19 MP: 3/7
   778 | D:2      | Found Naverha's One-of-a-Kind Rings.
   867 | D:2      | Found a basalt altar of Yredelemnul.
  1226 | D:2      | Reached skill level 5 in Spellcasting
  1226 | D:2      | Reached XP level 3. HP: 25/25 MP: 4/9
  1611 | D:3      | Learned a level 3 spell: Stone Arrow
  1745 | D:3      | Reached skill level 1 in Invocations
  1978 | D:3      | Reached skill level 1 in Fighting
  1978 | D:3      | Reached skill level 1 in Short Blades
  1978 | D:3      | Reached skill level 1 in Long Blades
  1978 | D:3      | Reached skill level 1 in Axes
  1978 | D:3      | Reached skill level 1 in Maces & Flails
  1978 | D:3      | Reached skill level 1 in Polearms
  1978 | D:3      | Reached skill level 1 in Staves
  1978 | D:3      | Reached skill level 1 in Ranged Weapons
  1978 | D:3      | Reached skill level 1 in Throwing
  1978 | D:3      | Reached skill level 1 in Armour
  1978 | D:3      | Reached skill level 1 in Shields
  1978 | D:3      | Reached skill level 1 in Unarmed Combat
  1978 | D:3      | Reached skill level 1 in Evocations
  2044 | D:3      | Found a shadowy altar of Dithmenos.
  2121 | D:3      | Found a white marble altar of Elyvilon.
  2198 | D:3      | Reached XP level 4. HP: 32/32 MP: 8/11
  2202 | D:3      | Reached skill level 1 in Conjurations
  2202 | D:3      | Reached skill level 1 in Hexes
  2202 | D:3      | Reached skill level 1 in Summonings
  2202 | D:3      | Reached skill level 1 in Necromancy
  2202 | D:3      | Reached skill level 1 in Translocations
  2202 | D:3      | Reached skill level 1 in Fire Magic
  2202 | D:3      | Reached skill level 1 in Ice Magic
  2202 | D:3      | Reached skill level 1 in Air Magic
  2202 | D:3      | Reached skill level 1 in Poison Magic
  2202 | D:3      | Reached skill level 1 in Shapeshifting
  2362 | D:3      | Found an opulent altar of Gozag.
  2605 | D:4      | Reached XP level 5. HP: 37/37 MP: 9/12
  3194 | D:4      | Found a staircase to the Ecumenical Temple.
  3200 | Temple   | Entered the Ecumenical Temple
  3219 | Temple   | Became a worshipper of the Shining One
  3437 | D:4      | Reached XP level 6. HP: 44/44 MP: 9/13
  3749 | D:5      | Entered Level 5 of the Dungeon
  3823 | D:4      | Reached skill level 5 in Dodging
  4053 | D:5      | Reached XP level 7. HP: 50/50 MP: 6/15
  4370 | D:5      | Found an ornate altar of the Wu Jian Council.
  4371 | D:5      | Found an ancient bone altar of Kikubaaqudgha.
  4431 | D:5      | Found a runed translucent door.
  4433 | D:5      | Noticed deremet's ghost (amateur GnDe)
  4462 | D:5      | Reached skill level 5 in Stealth
  4507 | D:5      | Found a blossoming altar of Fedhas.
  4934 | D:5      | Reached XP level 8. HP: 57/57 MP: 14/16
  4985 | D:5      | Reached * piety under the Shining One
  5852 | D:6      | Noticed a wraith
  5874 | D:6      | Killed a wraith
  5901 | D:6      | Noticed Duvessa
  5903 | D:6      | Noticed Sigmund
  5908 | D:6      | Noticed Dowan
  5921 | D:6      | Mangled by Duvessa

Illustrated notes

Levels and vault maps discovered:
D:1:      dpeg_arrival_pond, layout_basic, minmay_pentomino_p2
D:2:      layout_loops_ring, basic_altar, nicolae_shop_unique_rings,
          chequers_serial_rivers_small_b
D:3:      layout_rooms, mainiacjoe_overflow_six_doors_small,
          lemuel_coloured_pillars_altar, mainiacjoe_overflow_brackets,
          minmay_gold_behind_fungi, minmay_pentomino_pile
D:4:      layout_loops_ring, minmay_temple_entry_enclosed_plants,
          minmay_misc_feat_rugged, hangedman_glass_teeth, dreamdust_gnoll_farm
D:5:      nicolae_cairo_tiling_large_dashed, layout_gridville,
          overflow_temple_1_default, nicolae_overflow_squiral,
          ebering_ghost_reflecting_pool, chequers_mini_garden,
          kennysheep_generic_room_3
D:6:      layout_layer_cave, lightli_ossuary_entry_decrepit_ruins, uniq_duvessa,
          uniq_edmund, uniq_sigmund
Temple:   bh_familiar_temple

Skill      XL: |  1  2  3  4  5  6  7  8 |
---------------+-------------------------+-----
Transmutations | 2 3 |  3.5
Spellcasting   | 5 6 |  6.1
Invocations    | 1 2 3 |  3.7
Fighting       | 1 2 3 |  3.3
Short Blades   | 1 2 3 |  3.3
Long Blades    | 1 2 3 |  3.3
Axes           | 1 2 3 |  3.3
Maces & Flails | 1 2 3 |  3.3
Polearms       | 1 2 3 |  3.3
Staves         | 1 2 3 |  3.3
Ranged Weapons | 1 2 3 |  3.3
Throwing       | 1 2 3 |  3.3
Armour         | 1 2 3 |  3.3
Shields        | 1 2 3 |  3.3
Unarmed Combat | 1 2 3 |  3.3
Evocations     | 1 2 3 |  3.3
Conjurations   | 1 2 |  2.7
Hexes          | 1 2 |  2.7
Summonings     | 1 2 |  2.7
Necromancy     | 1 2 |  2.7
Translocations | 1 2 |  2.7
Fire Magic     | 1 2 |  2.7
Ice Magic      | 1 2 |  2.7
Air Magic      | 1 2 |  2.7
Poison Magic   | 1 2 |  2.7
Shapeshifting  | 1 2 |  2.7
Dodging        | 5 |  5.7
Stealth        | 5 |  5.4
Earth Magic    | 6 |  6.1

Action                     |  1- 3 |  4- 6 |  7- 9 || total
---------------------------+-------+-------+-------++-------
  Melee: Short sword       |     1 |     1 |       ||     2
         Dagger            |       |       |     5 ||     5
  Throw: Dart              |     1 |     6 |     3 ||    10
         Stone             |       |       |     1 ||     1
   Cast: Sandblast         |    61 |    43 |    48 ||   152
         Stone Arrow       |       |     8 |    16 ||    24
    Use: Scroll            |     1 |       |    12 ||    13
         Potion            |       |       |     2 ||     2
 Armour: Robe              |     4 |     2 |     6 ||    12
  Dodge: Dodged            |    11 |    18 |    30 ||    59

Table legend: (Time is in decaauts)
 A = Elapsed time spent in this place.
 B = Non-inter-level travel time spent in this place.
 C = Inter-level travel time spent in this place.
 D = Time resting spent in this place.
 E = Time spent auto-exploring this place.
 F = Levels seen in this place.
 G = Mean time per level.
                   A        B        C        D        E       F      G
               +--------+--------+--------+--------+--------+-----+--------+
         Total |   6020 |   5373 |    647 |   1208 |   3302 |   7 |  860.0 |
       Dungeon |   5983 |   5371 |    612 |   1208 |   3302 |   6 |  997.2 |
        Temple |     37 |      2 |     35 |      0 |      0 |   1 |   37.0 |
               +--------+--------+--------+--------+--------+-----+--------+

Top non-repeatable levels by time:
     D:5: 1618 daAuts
     D:4: 1562 daAuts
     D:2: 910 daAuts
     D:1: 860 daAuts
     D:3: 805 daAuts
     D:6: 225 daAuts
  Temple: 37 daAuts
